 Dungeon Crawl Stone Soup version 0.28.0 (webtiles) character file.

Game seed: 6002102961417475822

246 styxcanada the Magician (level 5, 0/28 HPs)
             Began as a Deep Elf Venom Mage on Feb 6, 2022.
             Killed from afar by an orc wizard (6 damage)
             ... with a puff of flame
             ... on level 3 of the Dungeon.
             The game lasted 00:12:47 (2449 turns).

styxcanada the Magician (Deep Elf Venom Mage)       Turns: 2449, Time: 00:12:47

Health: 0/28       AC:  4    Str:  5    XL:     5   Next: 84%
Magic:  13/15      EV: 13    Int: 22    God:
Gold:   100        SH:  0    Dex: 15    Spells: 9/15 levels left

rFire   . . .      SeeInvis .   d - +0 dagger (vorpal)
rCold   . . .      Faith    .   (no shield)
rNeg    . . .      Spirit   .   a - +0 robe
rPois   .          Reflect  .   (no helmet)
rElec   .          Harm     .   (no cloak)
rCorr   .          Rampage  .   (no gloves)
Will    .....                   c - +1 pair of boots
Stlth   ++........              (no amulet)
HPRegen 0.09/turn               (no ring)
MPRegen 0.14/turn               (no ring)

@: no status effects
A: no striking features
a: no special abilities


You were on level 3 of the Dungeon.
You visited 1 branch of the dungeon, and saw 3 of its levels.

You collected 100 gold pieces.

Inventory:

Hand Weapons
 d - a +0 vorpal dagger (weapon)
 i - a +0 hunting sling
Missiles
 b - 51 sling bullets
 e - 71 stones
 f - a poisoned dart (quivered)
Armour
 a - a +0 robe (worn)
 c - a +1 pair of boots (worn)
Potions
 g - a potion of might {unknown}
 h - a potion of flight {unknown}
 j - a potion of ambrosia {unknown}


   Skills:
 + Level 0.1 Fighting
 + Level 0.8 Short Blades
 + Level 2.8 Dodging
 + Level 3.6 Stealth
 * Level 5.5 Spellcasting
 * Level 2.7 Transmutations
 * Level 0.1 Air Magic
 * Level 4.5 Poison Magic


You had 9 spell levels left.
You knew the following spells:

 Your Spells              Type           Power      Damage    Failure   Level
a - Sting                 Tmut/Pois      88%        1d7       2%          1
b - Poisonous Vapours     Pois/Air       32%        N/A       5%          2
c - Mephitic Cloud        Conj/Pois/Air  12%        N/A       16%         3

Your spell library contained the following spells:

 Spells                   Type           Power      Damage    Failure   Level
 Olgreb's Toxic Radiance  Pois           26%        N/A       14%         4


Dungeon Overview and Level Annotations

Branches:
Dungeon (3/15)

Altars:
Yredelemnul


Message History

Aim: a worm (heavily wounded, 92% to hit)
The sting hits the worm.
The worm is poisoned.
The worm is heavily wounded.
Unknown command.
You see here a poisoned dart.
f - a poisoned dart You hit the orc but do no damage.
The worm closely misses you.
Casting: Sting (safe; 2% risk of failure)
Confirm with . or Enter, or press ? or * to list all spells.
Aiming: Sting (safe; 2% risk of failure)
Press: ? - help, Shift-Dir - straight line, f - quokka, p - worm
Aim: a quokka (67% to hit)
The sting hits the quokka.
The quokka is poisoned.
The quokka is heavily wounded.
The orc hits you with a +0 mace. The quokka bites you.
Casting: Sting (safe; 2% risk of failure)
Confirm with . or Enter, or press ? or * to list all spells.
Aiming: Sting (safe; 2% risk of failure)
Press: ? - help, Shift-Dir - straight line, f/p - quokka
Aim: a quokka (heavily wounded, poisoned, 67% to hit)
The sting hits the quokka!
The quokka looks even sicker.
You kill the quokka!
The orc hits you but does no damage. The worm barely misses you.
You see here a quokka corpse.
The orc hits you with a +0 mace.
The orc priest invokes the aid of Beogh against you.
Beogh smites you!
* * * LOW HITPOINT WARNING * * *
The orc wizard shouts!
Casting: Sting (safe; 2% risk of failure)
Confirm with . or Enter, or press ? or * to list all spells.
Aiming: Sting (safe; 2% risk of failure)
Press: ? - help, Shift-Dir - straight line, f - orc
Aim: an orc, wielding a +0 mace (76% to hit)
The sting hits the orc.
The orc is poisoned.
The orc is severely wounded.
You kill the orc!
The orc wizard points at you and mumbles some strange words.
The puff of flame hits you.
You die...

....._.)# #.......[...
....P.P.# #...........
........# #..o........
+###.#.## #.....o.....
.###...######..........
.....<....wor....o.....
...#..#.#######...##.r .
...#..#.#######...##....
...#>......w.r).@..'....
..........##########....
.###..#.#.# ..#
.###..#.#.# .#
........#.# ...†.##.#.#
.....##.#.# .....##.#.#
.....##.#.#


You could see a worm, an orc priest, 2 orc wizards and a rat.

Vanquished Creatures
  Sigmund (D:2)
  3 adders (D:2)
  A worm (D:2)
  3 dart slugs
  2 orcs (D:3)
  2 endoplasms (D:1)
  3 giant cockroaches (D:1)
  8 hobgoblins
  2 jackals (D:1)
  3 kobolds (D:1)
  4 quokkas
  2 ball pythons
  4 bats
  7 frilled lizards
  4 rats
49 creatures vanquished.

Notes
Turn   | Place    | Note
-------+----------+-------------------------------------------
     0 | D:1      | styxcanada the Deep Elf Venom Mage began the quest for the
                  | Orb.
     0 | D:1      | Reached XP level 1. HP: 10/10 MP: 6/6
   183 | D:1      | Reached XP level 2. HP: 8/15 MP: 2/8
   345 | D:1      | You fall into a shaft and drop 1 floor!
   891 | D:1      | Reached skill level 4 in Spellcasting
   891 | D:1      | Reached XP level 3. HP: 19/19 MP: 5/10
  1726 | D:2      | Reached XP level 4. HP: 24/24 MP: 12/12
  1759 | D:2      | Learned a level 2 spell: Poisonous Vapours
  1763 | D:2      | Learned a level 3 spell: Mephitic Cloud
  1819 | D:2      | Noticed Sigmund
  1839 | D:2      | Killed Sigmund
  1840 | D:2      | Reached skill level 5 in Spellcasting
  1840 | D:2      | Reached XP level 5. HP: 10/28 MP: 7/14
  2352 | D:3      | Found a basalt altar of Yredelemnul.
  2449 | D:3      | Killed from afar by an orc wizard

Illustrated notes

Levels and vault maps discovered:
D:1:      amcnicky_arrival_underground_garden, layout_loops_ring
D:2:      wander_river, layout_basic, uniq_sigmund
D:3:      layout_basic, yredelemnul_altar_generic, kennysheep_generic_room_2

Skill      XL: |  1  2  3  4 |
---------------+-------------+-----
Spellcasting   | 4 5 |  5.5
Stealth        | 3 |  3.6
Transmutations | 2 |  2.7
Poison Magic   | 4 |  4.5
Fighting       | |  0.1
Short Blades   | |  0.8
Dodging        | |  2.8
Air Magic      | |  0.1

Action                   |  1- 3 |  4- 6 || total
-------------------------+-------+-------++-------
Melee: Dagger            |    30 |    11 ||    41
Throw: Dart              |       |     2 ||     2
 Cast: Sting             |    47 |    18 ||    65
       Poisonous Vapours |       |     1 ||     1
  Use: Scroll            |     4 |     2 ||     6
 Stab: Sleeping          |     7 |     5 ||    12
Armor: Robe              |    13 |     3 ||    16
Dodge: Dodged            |    37 |     9 ||    46
